 Dungeon Crawl Stone Soup version 0.29-a0-297-g7659ce593d (webtiles) character file.

Game seed: 18077803871581502819

2 Armakuni the Sneak (level 1, -3/15 HPs)
             Began as a Demigod Wanderer on Mar 20, 2022.
             Slain by a quokka (5 damage)
             ... on level 1 of the Dungeon.
             The game lasted 00:00:30 (50 turns).

Armakuni the Sneak (Demigod Wanderer)                 Turns: 50, Time: 00:00:31

Health: -3/15      AC:  2    Str: 11    XL:     1   Next: 26%
Magic:  4/4        EV: 12    Int: 12    God:
Gold:   0          SH:  0    Dex: 17    Spells: 2/2 levels left

rFire   . . .      SeeInvis .   a - +0 dagger
rCold   . . .      Faith    .   (no shield)
rNeg    . . .      Spirit   .   g - +0 robe
rPois   .          Reflect  .   (no helmet)
rElec   .          Harm     .   (no cloak)
rCorr   .          Rampage  .   (no gloves)
Will    .....                   (no boots)
Stlth   +++.......              (no amulet)
HPRegen 0.05/turn               (no ring)
MPRegen 0.09/turn               (no ring)

@: no status effects
A: high MP 1, forlorn, divine attributes
a: no special abilities


You were on level 1 of the Dungeon.
You visited 1 branch of the dungeon, and saw 1 of its levels.

Inventory:

Hand Weapons
 a - a +0 dagger (weapon)
Missiles
 b - 2 atropa-tipped darts (quivered)
 c - a datura-tipped dart
Armour
 g - a +0 robe (worn)
Scrolls
 d - a scroll of teleportation
 e - a scroll of fog
 h - a scroll of identify {unknown}
Potions
 f - a potion of haste


   Skills:
 + Level 0.6 Fighting
 - Level 1.0 Throwing
 - Level 1.0 Dodging
 - Level 4.5 Stealth
 - Level 1.0 Unarmed Combat
 - Level 1.0 Spellcasting
 - Level 1.0 Evocations


You had 2 spell levels left.
You didn't know any spells.
Your spell library was empty.

Dungeon Overview and Level Annotations

Branches:
Dungeon (1/15)


Innate Abilities, Weirdness & Mutations

You have an increased reservoir of magic. (+10% MP)
You shall have no god before yourself.
Your divine heritage dramatically boosts your attributes as you level up.


Message History

The bat hits you.
Found a fuming blue potion.
The bat closely misses you. The bat misses you.
The bat hits you but does no damage.
You hit the bat.
You kill the bat!
The quokka closely misses you.
You hit the quokka but do no damage. The quokka barely misses you.
The quokka bites you.
You miss the quokka. The quokka bites you.
You miss the quokka. The quokka bites you.
You barely miss the quokka. The quokka bites you.
You hit the quokka.
The quokka is moderately wounded.
The quokka bites you but does no damage.
You closely miss the quokka.
The quokka is moderately wounded.
The quokka barely misses you. The quokka closely misses you.
You barely miss the quokka.
The quokka is moderately wounded.
The quokka bites you.
* * * LOW HITPOINT WARNING * * *
You barely miss the quokka.
The quokka is moderately wounded.
The quokka barely misses you.
You hit the quokka.
You kill the quokka!
You see here a quokka corpse.
Found an onyx ring.
A quokka comes into view.
A bat comes into view.
The quokka misses you.
You closely miss the quokka. The quokka barely misses you.
You barely miss the quokka. The quokka misses you.
You hit the quokka but do no damage. The quokka bites you.
* * * LOW HITPOINT WARNING * * *
You hit the quokka but do no damage. The bat closely misses you.
The quokka misses you.
You completely miss the quokka. The bat closely misses you.
The quokka bites you.
You die...

####.....# #........#
≈≈≈#####.####.....#..#
≈≈≈#
#.#........##..#####
≈≈≈#
##.####.....†.......
≈≈≈# ## ##.#.##.######
÷≈## #......# ###
###.#### #.# #@#
#br!..# #......#
#..=...# .......#
.#....... #.#......##
# ##.....#


You could see a quokka and a bat.

Vanquished Creatures
  A bat (D:1)
  A quokka (D:1)
2 creatures vanquished.

Notes
Turn   | Place    | Note
-------+----------+-------------------------------------------
     0 | D:1      | Armakuni the Demigod Wanderer began the quest for the Orb.
     0 | D:1      | Armakuni set off with the following items: a +0 dagger, 2
                  | atropa-tipped darts, a datura-tipped dart, a scroll of
                  | teleportation, a scroll of fog, a potion of haste, a +0
                  | robe
     0 | D:1      | Reached XP level 1. HP: 14/14 MP: 4/4
    50 | D:1      | Slain by a quokka

Illustrated notes

Levels and vault maps discovered:
D:1:      saegor_arrival_miasma, layout_loops_corners, minmay_pentomino_q4

Action                   || total
-------------------------++-------
Melee: Dagger            ||    17
       Punch             ||     1
Armor: Robe              ||     3
Dodge: Dodged            ||    17

Table legend: (Time is in decaauts)
 A = Elapsed time spent in this place.
 B = Non-inter-level travel time spent in this place.
 C = Inter-level travel time spent in this place.
 D = Time resting spent in this place.
 E = Time spent auto-exploring this place.
 F = Levels seen in this place.
 G = Mean time per level.
                   A        B        C        D        E       F      G
               +--------+--------+--------+--------+--------+-----+--------+
         Total |     50 |     50 |      0 |      0 |     12 |   1 |   50.0 |
       Dungeon |     50 |     50 |      0 |      0 |     12 |   1 |   50.0 |
               +--------+--------+--------+--------+--------+-----+--------+

Top non-repeatable levels by time:
     D:1: 50 daAuts
